 Dungeon Crawl Stone Soup version 0.23.1-37-gaa34b87 (webtiles) character file.

Game seed: 14400883215971319118

5044 Fang the Fighter (level 10, 0/99 HPs)
             Began as a Gargoyle Berserker on Mar 26, 2019.
             Was a High Priest of Trog.
             Killed from afar by Erica (4 damage)
             ... with a wand of acid (2)
             ... on level 10 of the Dungeon.
             The game lasted 00:10:17 (9106 turns).

Fang the Fighter (Gargoyle Berserker)               Turns: 9106, Time: 00:10:18

Health: 0/99       AC: 12    Str: 28    XL:     10   Next: 55%
Magic:  19/19      EV: 12    Int:  7    God:    Trog [*****.]
Gold:   587        SH:  0    Dex: 13    Spells: 9/9 levels left

rFire    . . .     SeeInvis .   n - +0 hand axe "Ybbithroa" {venom, Dex+4} (curse)
rCold    . . .     Gourm    .   (no shield)
rNeg     + . .     Faith    .   j - +0 chain mail (curse)
rPois    ∞         Spirit   .   (no helmet)
rElec    +         Reflect  .   (no cloak)
rCorr    .         Harm     .   (no gloves)
MR       .....                  k - +1 pair of boots
Stlth    ..........             (no amulet)
HPRegen  0.26/turn              o - ring of magical power
MPRegen  0.16/turn              y - -2 ring of intelligence (curse)

@: berserking (expiring), corroded, very quick
A: negative energy resistance 1, electricity resistance, unbreathing,
petrification resistance, rot immunity, AC +7
a: Berserk, Trog's Hand, Brothers in Arms, Renounce Religion


You were on level 10 of the Dungeon.
You worshipped Trog.
Trog was extremely pleased with you.
You were hungry.

You visited 2 branches of the dungeon, and saw 11 of its levels.
You also visited: Sewer.

You collected 587 gold pieces.

Inventory:

Hand Weapons
 a - a +2 broad axe of freezing
 n - the cursed +0 hand axe "Ybbithroa" (weapon) {venom, Dex+4}
   (You found it on level 8 of the Dungeon)

   It poisons the flesh of those it strikes.
   It affects your dexterity (+4).
   It has a curse placed upon it.
 p - a +0 war axe of freezing
 w - a +1 battleaxe
Armour
 j - a cursed +0 chain mail (worn)
 k - a +1 pair of boots (worn)
 q - a cursed +1 plate armour
 t - the cursed +0 leather armour "Poif" {*Drain Int+6, unknown}
   (You found it on level 4 of the Dungeon)

   It affects your intelligence (+6).
   It causes draining when unequipped.
   It has a curse placed upon it.
Jewellery
 o - a ring of magical power (left hand)
 y - a cursed -2 ring of intelligence (right hand)
Wands
 h - a wand of flame (13)
Scrolls
 f - 4 scrolls of blinking
 i - 5 scrolls of magic mapping
 m - 3 scrolls of fear
Potions
 d - 3 potions of heal wounds
 e - 3 potions of brilliance
 g - 2 potions of berserk rage
 l - 2 potions of haste
 s - a potion of cancellation
 u - 2 potions of ambrosia {unknown}
 v - 3 potions of curing
 B - a potion of mutation
Comestibles
 c - 18 rations


   Skills:
 + Level 9.0 Fighting
 + Level 7.5 Axes
 + Level 8.7 Armour
 + Level 6.6 Dodging


You had 9 spell levels left.
You didn't know any spells.
Your spell library was empty.

Dungeon Overview and Level Annotations

Branches:
Dungeon (10/15)            Temple (1/1) D:5            Lair (0/6) D:8
    Orc (0/2) D:10

Altars:
Okawaru
Qazlal
Trog
Vehumet
Yredelemnul
Zin
The Shining One

Portals:
Trove: D:10 (give 2 scrolls of acquirement)

Annotations:
D:9 exclusion: statue
D:10 Erica


Innate Abilities, Weirdness & Mutations

You are resistant to torment.
Your stone body is resilient. (AC +7)
You are immune to poison.
You resist negative energy. (rN+)
You are resistant to electric shocks. (rElec)
You can survive without breathing.
You are immune to petrification.
You are immune to rotting.


Message History

The purple ugly thing looks as sick as possible!
The purple ugly thing is severely wounded.
You slash Erica! The purple ugly thing claws you. Erica misses you.
You hit the purple ugly thing.
The purple ugly thing is almost dead.
You hit Erica. The purple ugly thing claws you!
* * * LOW HITPOINT WARNING * * *
You hit the purple ugly thing.
The purple ugly thing looks as sick as possible!
The purple ugly thing is almost dead.
You closely miss Erica.
Erica zaps a wand.
The bolt of acid hits you!
* * * LOW HITPOINT WARNING * * *
The acid corrodes you!
You are splashed with acid!
* * * LOW HITPOINT WARNING * * *
You completely miss the purple ugly thing.
The purple ugly thing is almost dead.
Your chain mail prevents you from hitting Erica.
The purple ugly thing closely misses you.
Erica zaps a wand.
The bolt of acid hits you.
You die...

###.... ##..# #.'....
#..=. ##.#.... ....
#..##.#. #... #..#####
#... ##....... #...
##........
##..@########........<
##...u@#.........######
?..>......####..###
....#.....# #..## ./.
#.##..###.## .
.......##..#
...#.##.....######.
#.................. ..
...............#
..............##


You could see a purple ugly thing and Erica.

Vanquished Creatures
  Harold (D:8)
  Joseph (D:8)
  A hippogriff (D:9)
  A spriggan (D:7)
  A hornet zombie (D:6)
  A black bear (D:8)
  3 orc warriors
  2 sky beasts
  5 ogres
  A centaur (D:5)
  A big kobold (D:8)
  9 bullfrogs
  2 gnoll sergeants
  7 wights
  A howler monkey (D:4)
  2 crimson imps
  2 lava snakes (D:7)
  3 centaur zombies
  A quasit (D:6)
  6 orc wizards
  A jelly (D:9)
  2 orc priests (D:6)
  3 hounds
  3 bullfrog skeletons
  An iguana (D:6)
  2 worker ants
  A killer bee zombie (D:10)
  A hound zombie (D:6)
  2 worker ant zombies
  5 gnolls (D:6)
  A howler monkey skeleton (D:8)
  18 adders
  A river rat (D:5)
  A shadow imp (D:8)
  An adder skeleton (D:7)
  An ooze (D:1)
  3 worms
  A dart slug (D:3)
  4 leopard geckos
  24 orcs
  3 ball pythons
  5 bats
  8 giant cockroaches
  8 goblins
  8 hobgoblins
  9 jackals
  A quokka (D:5)
  11 frilled lizards
  2 gnoll zombies (D:2)
  2 jackal skeletons (D:6)
  A jackal zombie (D:6)
  9 kobolds
  A leopard gecko zombie (D:6)
  A quokka skeleton (D:4)
  2 quokka zombies
  11 rats
209 creatures vanquished.

Notes
Turn   | Place    | Note
-------+----------+-------------------------------------------
     0 | D:1      | Fang the Gargoyle Berserker began the quest for the Orb.
     0 | D:1      | Reached XP level 1. HP: 14/14 MP: 1/1
   160 | D:1      | Reached XP level 2. HP: 16/19 MP: 2/2
   662 | D:1      | Reached XP level 3. HP: 19/23 MP: 3/3
  1056 | D:2      | Reached ** piety under Trog
  1060 | D:2      | Found an iron altar of Okawaru.
  1380 | D:2      | Reached XP level 4. HP: 27/29 MP: 4/4
  1606 | D:2      | Found a basalt altar of Yredelemnul.
  2058 | D:3      | Reached skill level 4 in Fighting
  2351 | D:4      | Reached XP level 5. HP: 27/33 MP: 5/5
  2365 | D:4      | Found a glowing golden altar of the Shining One.
  2871 | D:4      | Reached XP level 6. HP: 18/39 MP: 6/6
  3344 | D:4      | Found a bloodstained altar of Trog.
  3406 | D:4      | Got an ancient leather armour
  3494 | D:5      | Entered Level 5 of the Dungeon
  3599 | D:5      | Noticed a sky beast
  3622 | D:5      | Killed a sky beast
  3622 | D:5      | Reached skill level 5 in Fighting
  3622 | D:5      | Reached XP level 7. HP: 40/44 MP: 7/7
  3848 | D:5      | Found a stormy altar of Qazlal.
  3849 | D:5      | Noticed a water elemental
  3849 | D:5      | Noticed a fire elemental
  3849 | D:5      | Noticed an air elemental
  3917 | D:5      | Reached *** piety under Trog
  3977 | D:5      | Found a glowing drain.
  3991 | Sewer    | Entered a sewer
  4226 | Sewer    | Reached skill level 5 in Armour
  4232 | Sewer    | Received a gift from Trog
  4798 | D:5      | Found a staircase to the Ecumenical Temple.
  4805 | Temple   | Entered the Ecumenical Temple
  4877 | D:6      | Reached XP level 8. HP: 51/51 MP: 8/8
  4885 | D:6      | Reached skill level 6 in Fighting
  4885 | D:6      | Reached skill level 5 in Axes
  5429 | D:6      | Reached **** piety under Trog
  5530 | D:6      | Reached XP level 9. HP: 53/56 MP: 9/9
  5721 | D:6      | Reached skill level 7 in Fighting
  6063 | D:7      | Reached skill level 5 in Dodging
  6073 | D:7      | Identified a scroll of acquirement
  6255 | D:7      | Noticed a moth of wrath
  6258 | D:7      | Found a bloodstained altar of Trog.
  7058 | D:8      | Noticed Harold
  7294 | D:8      | Killed Harold
  7294 | D:8      | Reached skill level 8 in Fighting
  7294 | D:8      | Reached XP level 10. HP: 64/64 MP: 10/10
  7496 | D:8      | Got a translucent hand axe
  7497 | D:8      | Identified the cursed +0 hand axe "Ybbithroa" {venom,
                  | Dex+4} (You found it on level 8 of the Dungeon)
  7562 | D:8      | Noticed Joseph
  7571 | D:8      | Reached ***** piety under Trog
  7583 | D:8      | Killed Joseph
  7831 | D:8      | Found a staircase to the Lair.
  8101 | D:9      | Noticed an angel
  8102 | D:9      | Found a glowing silver altar of Zin.
  8617 | D:9      | Reached skill level 9 in Fighting
  8683 | D:9      | Found a radiant altar of Vehumet.
  8986 | D:10     | Entered Level 10 of the Dungeon
  9016 | D:10     | Found a portal to a secret trove of treasure.
  9042 | D:10     | Found a staircase to the Orcish Mines.
  9083 | D:10     | Noticed a purple ugly thing
  9088 | D:10     | Noticed Erica
  9105 | D:10     | HP: 4/99 [acid (9)]
  9106 | D:10     | Killed from afar by Erica

Skill      XL: |  1  2  3  4  5  6  7  8  9 10 |
---------------+-------------------------------+-----
Axes           | 3 4 5 6 7 |  7.5
Dodging        | 2 3 4 6 |  6.6
Armour         | 3 4 5 6 7 8 |  8.7
Fighting       | 4 5 6 8 9 |  9.0

Action                   |  1- 3 |  4- 6 |  7- 9 | 10-12 || total
-------------------------+-------+-------+-------+-------++-------
Melee: Hand axe          |   129 |   226 |    30 |   174 ||   559
       War axe           |       |       |   210 |       ||   210
       Broad axe         |       |       |   127 |     4 ||   131
Invok: Berserk           |       |     1 |     5 |     3 ||     9
  Use: Scroll            |       |       |    12 |     6 ||    18
  Eat: Chunk             |     2 |     8 |    17 |     5 ||    32
       Ration            |       |       |       |     1 ||     1
Armor: Animal skin       |    51 |       |       |       ||    51
       Chain mail        |    12 |   178 |   314 |   144 ||   648
Dodge: Dodged            |    84 |   141 |   245 |   147 ||   617
